 Dungeon Crawl Stone Soup version 0.23-a0-635-g88ca12a (webtiles) character file.

78 Lilu the Magician (level 4, -7/25 HPs)
             Began as a Deep Elf Wizard on Dec 28, 2018.
             Was a Follower of Qazlal.
             Killed by divine providence
             ... invoked by an orc priest
              (14 damage)
             ... on level 4 of the Dungeon.
             The game lasted 00:07:50 (3183 turns).

Lilu the Magician (Deep Elf Wizard)                 Turns: 3183, Time: 00:07:51

Health: -7/25      AC:  2    Str:  5    XL:     4   Next: 15%
Magic:  4/12       EV: 13    Int: 23    God:    Qazlal [*.....]
Gold:   176        SH:  1    Dex: 13    Spells: 1/12 levels left

rFire    . . .     SeeInvis .   x - +0 hunting sling
rCold    . . .     Gourm    .   (no shield)
rNeg     . . .     Faith    .   a - +0 robe
rPois    .         Spirit   .   b - +0 hat
rElec    .         Reflect  .   (no cloak)
rCorr    .         Harm     .   (no gloves)
MR       .....                  (no boots)
Stlth    ++........             (no amulet)
HPRegen  0.08/turn              f - +2 ring of slaying
MPRegen  0.13/turn              (no ring)

@: very slightly contaminated
A: no striking features
a: Renounce Religion


You were on level 4 of the Dungeon.
You worshipped Qazlal.
Qazlal was aware of your devotion.
You were not hungry.

You visited 1 branch of the dungeon, and saw 4 of its levels.

You collected 176 gold pieces.

Inventory:

Hand Weapons
 k - a +0 short sword
 x - a +0 hunting sling (weapon)
Missiles
 s - 28 sling bullets
 y - 122 stones (quivered)
 A - 13 poisoned needles
Armour
 a - a +0 robe (worn)
 b - a +0 hat (worn)
 c - a cursed -1 ring mail
 u - a +0 leather armour
Jewellery
 f - a +2 ring of slaying (left hand)
Scrolls
 e - 4 scrolls of enchant weapon {unknown}
 h - 3 scrolls of identify {unknown}
 i - 2 scrolls of remove curse {unknown}
 j - 3 scrolls of teleportation {unknown}
 m - a scroll of blinking {unknown}
 n - a scroll of random uselessness {unknown}
 o - 2 scrolls of enchant armour {unknown}
 r - a scroll of magic mapping {unknown}
 t - a scroll of immolation {unknown}
 w - a scroll of noise {unknown}
Potions
 g - a potion of agility {unknown}
 l - 5 potions of curing {unknown}
 p - a potion of brilliance {unknown}
 q - 2 potions of heal wounds {unknown}
 v - a potion of haste {unknown}
Comestibles
 d - 2 rations
 z - a chunk of flesh


   Skills:
 + Level 1.0 Fighting
 + Level 2.9 Dodging
 - Level 2.4 Stealth
 + Level 4.8 Spellcasting
 + Level 2.5 Conjurations
 * Level 1.4 Summonings
 + Level 1.4 Translocations
 + Level 0.3 Fire Magic
 + Level 0.4 Air Magic
 + Level 0.6 Poison Magic


You had one spell level left.
You knew the following spells:

 Your Spells              Type           Power        Failure   Level  Hunger
a - Magic Dart            Conj           ###.         3%          1    None
b - Call Imp              Summ           ##......     8%          2    None
c - Blink                 Tloc           N/A          8%          2    None
d - Mephitic Cloud        Conj/Pois/Air  ##......     17%         3    ##.....
e - Conjure Flame         Conj/Fire      ##......     16%         3    ##.....

Your spell library contained the following spells:

 Spells                   Type           Power        Failure   Level  Hunger
 Summon Small Mammal      Summ           ##..         5%          1    None
 Slow                     Hex            #.......     14%         2    None
 Call Canine Familiar     Summ           ##......     16%         3    ##.....
 Summon Guardian Golem    Hex/Summ       #.......     22%         3    ##.....
 Summon Lightning Spire   Summ/Air       ##......     54%         4    ####...
 Summon Ice Beast         Ice/Summ       #.......     56%         4    ####...


Dungeon Overview and Level Annotations

Branches:
Dungeon (3/15)

Altars:
Qazlal
Trog
Vehumet
The Shining One

Annotations:
D:2 exclusion: ogre
D:3 2 transporters, Killmatronix's ghost, amateur HOSu


Message History

The orc wizard seems to speed up.
The orc priest calls down the wrath of Beogh upon you.
Pain shoots through your body!
* * * LOW HITPOINT WARNING * * *
Casting: Mephitic Cloud (safe; 17% risk of failure)
Confirm with . or Enter, or press ? or * to list all spells.
Aiming: Mephitic Cloud (safe; 17% risk of failure)
Press: ? - help, Shift-Dir - straight line, f - orc
Aim: an orc, wielding a +0 flail and wearing a +1 leather armour of magic
Okay, then.
The orc wizard miscasts a cantrip.
As you open the door, it creaks loudly!
The orc wizard mumbles some strange words.
The orc wizard flickers and vanishes!
Deactivating autopickup; reactivate with Ctrl-A.
There is an open door here.
The orc priest invokes the aid of Beogh against you.
Beogh smites you!
Ouch! That really hurt!
You die...

.......#
.......##########
......o.lo......#
......o.##......#
#....o..##......#
........##..o...#####
...#$##.##..........#
#.##. #.##.....####.#
.. .. #.##.....'@.#
## #.##.....##.#
##+#### .# .# ##


You could see an orc priest and an orc.

Vanquished Creatures
  2 adders
  3 oozes
  3 dart slugs
  A ball python (D:2)
  A giant cockroach (D:3)
  5 goblins
  8 hobgoblins
  5 bats
  A frilled lizard (D:2)
  5 kobolds
  9 rats
43 creatures vanquished.

Notes
Turn   | Place    | Note
-------+----------+-------------------------------------------
     0 | D:1      | Lilu the Deep Elf Wizard began the quest for the Orb.
     0 | D:1      | Reached XP level 1. HP: 10/10 MP: 7/7
   456 | D:1      | Reached XP level 2. HP: 16/16 MP: 2/9
   460 | D:1      | Learned a level 2 spell: Call Imp
   463 | D:1      | Learned a level 2 spell: Blink
  1287 | D:2      | Found a stormy altar of Qazlal.
  1349 | D:2      | Became a worshipper of Qazlal Stormbringer
  1542 | D:2      | Reached XP level 3. HP: 20/20 MP: 8/11
  1547 | D:2      | Learned a level 3 spell: Mephitic Cloud
  1551 | D:2      | Learned a level 3 spell: Conjure Flame
  1641 | D:2      | Noticed an ogre
  1696 | D:2      | Found a glowing golden altar of the Shining One.
  2040 | D:2      | Found a bloodstained altar of Trog.
  2478 | D:3      | Found a transporter.
  2483 | D:3      | Found a transporter.
  2483 | D:3      | Noticed Killmatronix's ghost (amateur HOSu)
  2782 | D:3      | Reached skill level 1 in Fighting
  2838 | D:3      | Reached * piety under Qazlal
  2838 | D:3      | Reached XP level 4. HP: 25/25 MP: 5/12
  3146 | D:3      | Found a radiant altar of Vehumet.
  3168 | D:3      | You fall through a shaft!
  3183 | D:4      | Killed from afar by an orc priest

Vault maps used:
D:1:      psy_arrival_spokes, hangedman_feature_mirror
D:2:      marbit_many_paths, grunt_qazlal_sundering, bloody_trog
D:3:      vehumet_crystals, gammafunk_ghost_mausoleum
D:4:      grunt_dithmenos_shadows, uniq_duvessa

Skill      XL: |  1  2  3 |
---------------+----------+-----
Conjurations   | 2 |  2.5
Fighting       | 1 |  1.0
Dodging        | |  2.9
Stealth        | |  2.4
Spellcasting   | |  4.8
Summonings     | |  1.4
Translocations | |  1.4
Fire Magic     | |  0.3
Air Magic      | |  0.4
Poison Magic   | |  0.6

Action                   |  1- 3 |  4- 6 || total
-------------------------+-------+-------++-------
 Fire: Hunting sling     |     4 |       ||     4
 Cast: Magic Dart        |    97 |    14 ||   111
  Eat: Chunk             |     6 |     1 ||     7
Armor: Robe              |     5 |       ||     5
Dodge: Dodged            |    11 |     1 ||    12

Table legend:
 A = Non-vault XP
 B = Vault XP
 C = Vault XP percentage of total XP
 D = Non-vault monster count
 E = Vault monster count
 F = Vault count percentage of total count
                 A         B        C        D         E       F
            +---------+---------+-------+---------+---------+-------
      Total |     111 |       1 |   0.9 |      42 |       1 |   2.3
            +---------+---------+-------+---------+---------+-------
        D:1 |      28 |       0 |   0.0 |      13 |       0 |   0.0
        D:2 |      45 |       1 |   2.2 |      17 |       1 |   5.6
        D:3 |      38 |       0 |   0.0 |      12 |       0 |   0.0
            +---------+---------+-------+---------+---------+-------
